 Dungeon Crawl Stone Soup version 0.18.1-8-gdd0e5ea (webtiles) character file.

632 Gagarin the Poker (level 7, -6/52 HPs)
             Began as a Merfolk Skald on June 1, 2016.
             Mangled by Duvessa
             ... wielding a +4 short sword of holy wrath
              (13 damage)
             ... on level 5 of the Dungeon.
             The game lasted 00:16:44 (5581 turns).

Gagarin the Poker (Merfolk Skald)                   Turns: 5581, Time: 00:16:44

Health: -6/52      AC:  5    Str: 12    XL:     7   Next: 49%
Magic:  3/11       EV: 13    Int: 14    God:
Gold:   252        SH:  0    Dex: 13    Spells: 3 memorised, 5 levels left

rFire  . . .     SeeInvis .     a - +0 spear
rCold  . . .     Gourm    .     b - +0 leather armour
rNeg   . . .     Faith    .     (no shield)
rPois  .         Spirit   .     (no helmet)
rElec  .         Dismiss  .     j - +0 cloak
rCorr  .         Reflect  .     q - +0 pair of gloves
SustAt +         Harm     .     (no boots)
MR     .....                    (no amulet)
Stlth  +.........               v - ring of sustain attributes
                                t - ring of wizardry

@: hasted, very quick, not resistant to hostile enchantments, very unstealthy
A: change form in water, swift swim
a: no special abilities


You were on level 5 of the Dungeon.
You were not hungry.

You visited 1 branch of the dungeon, and saw 5 of its levels.

You collected 252 gold pieces.

Inventory:

Hand Weapons
 a - a +0 spear (weapon)
Missiles
 x - 8 javelins (quivered)
Armour
 b - a +0 leather armour (worn)
 j - a +0 cloak (worn)
 q - a +0 pair of gloves (worn)
Jewellery
 t - a ring of wizardry (left hand)
 v - a ring of sustain attributes (right hand)
Wands
 o - a wand of confusion (43/48)
Scrolls
 e - a scroll of teleportation {unknown}
 i - a scroll of magic mapping {unknown}
 k - a scroll of remove curse
 l - a scroll of enchant armour {unknown}
 m - 2 scrolls of random uselessness {unknown}
 n - a scroll of enchant weapon {unknown}
 s - a scroll of identify
 w - a scroll of immolation {unknown}
Potions
 f - a potion of brilliance
 u - a potion of mutation {unknown}
 B - a potion of degeneration {unknown}
Books
 c - a book of Battle

   Spells                             Type                      Level
   a - Infusion                       Charms                       1
   b - Shroud of Golubria             Charms/Translocation         2
   c - Song of Slaying                Charms                       2
   d - Spectral Weapon                Hexes/Charms                 3
   e - Regeneration                   Charms/Necromancy            3
Comestibles
 d - 5 bread rations
 g - 2 beef jerkies
 p - 2 slices of pizza
 A - a meat ration


   Skills:
 + Level 3.4 Fighting
 + Level 5.5 Polearms
 + Level 0.2 Throwing
 + Level 2.4 Armour
 + Level 4.8 Dodging
 + Level 1.3 Stealth
 + Level 2.9 Spellcasting
 + Level 1.6 Hexes
 + Level 4.1 Charms
 + Level 0.8 Translocations


You had 5 spell levels left.
You knew the following spells:

 Your Spells              Type           Power        Failure   Level  Hunger
a - Infusion              Chrm           ##..         3%          1    #......
b - Spectral Weapon       Hex/Chrm       ##......     12%         3    ###....
c - Shroud of Golubria    Chrm/Tloc      #.........   7%          2    ##.....


Dungeon Overview and Level Annotations

Branches:
Dungeon (5/15)
 Temple: D:4-7

Altars:

Shops:
D:4 }

Annotations:
D:3 Gagarin's ghost, amateur MfSk
D:5 Blork the orc; Dowan; Duvessa


Message History

Something hits your spectral weapon.
Your spectral weapon shares its damage with you!
Your spectral weapon shares its damage with you!
Something closely misses the jackal.
Evoke which item? (* to show all) (? for menu, Esc to quit)
Zapping:
o - a wand of confusion (44/48)
Press: ? - help, Shift-Dir - straight line, f - Duvessa, p - jackal
Aim: Duvessa, wielding a short sword of holy wrath and carrying a wand of digging {zapped: 1} (moderately wounded, chance to defeat MR: 28%) Duvessa easily resists.
This wand has 43 charges left.
Something hits the jackal.
Duvessa hits you with a short sword of holy wrath!
* * * LOW HITPOINT WARNING * * *
You hear a shout!
Drink which item? (? for menu, Esc to quit)
You feel yourself speed up.
Your spectral weapon shares its damage with you!
You feel your bond with your spectral weapon wane.
* * * LOW HITPOINT WARNING * * *
Duvessa hits you with a short sword of holy wrath!
You die...

...## #.# ....Z##.##
### #..c.o.? ...
#....Z# ..# ..
#o##h##...#
.#..######cg{h....#
.......># #).##...#
...>.##.####.## ..#
.........@eh..# ####
#.###..####>.#.##....
#.###........##...###
#.#.......[..........
###...#####.##.....####
#............#.###.#
###..........#.#.# #
#(.............#.#.#
##.##..>.......#...##


You could see Duvessa and a jackal.

Vanquished Creatures
  2 ogres
  A hound (D:5)
  2 orc priests
  A giant frog skeleton (D:4)
  Jessica (D:2)
  3 orc wizards (D:4)
  3 worker ants
  A gnoll (D:2)
  4 adders
  2 worms
  3 dart slugs
  A giant gecko (D:1)
  15 orcs
  9 bats
  3 giant cockroaches
  8 goblins
  12 hobgoblins
  6 jackals
  2 quokkas (D:3)
  A ball python (D:2)
  A giant gecko skeleton (D:5)
  4 giant newts
  13 kobolds
  A quokka skeleton (D:4)
  7 rats
106 creatures vanquished.

Vanquished Creatures (others)
  3 spectral weapons
3 creatures vanquished.

Grand Total: 109 creatures vanquished

Notes
Turn   | Place    | Note
--------------------------------------------------------------
     0 | D:1      | Gagarin the Merfolk Skald began the quest for the Orb.
     0 | D:1      | Reached XP level 1. HP: 16/16 MP: 3/3
   145 | D:1      | Reached XP level 2. HP: 12/23 MP: 5/5
   895 | D:1      | Reached XP level 3. HP: 21/28 MP: 6/6
   899 | D:1      | Reached skill level 1 in Armour
  1059 | D:1      | Learned a level 3 spell: Spectral Weapon
  1512 | D:2      | Noticed Jessica
  1563 | D:2      | Reached skill level 4 in Polearms
  1846 | D:2      | Killed Jessica
  1846 | D:2      | Reached XP level 4. HP: 34/34 MP: 3/7
  2522 | D:3      | Noticed Gagarin's ghost (amateur MfSk)
  2673 | D:3      | Reached XP level 5. HP: 21/39 MP: 4/8
  4094 | D:4      | Reached skill level 5 in Polearms
  4094 | D:4      | Reached skill level 1 in Hexes
  4094 | D:4      | Reached XP level 6. HP: 39/46 MP: 5/9
  4161 | D:4      | Found Haahoc's Gadget Shoppe.
  4890 | D:4      | Reached skill level 1 in Stealth
  5156 | D:4      | Learned a level 2 spell: Shroud of Golubria
  5194 | D:4      | Reached XP level 7. HP: 52/52 MP: 2/11
  5441 | D:5      | Entered Level 5 of the Dungeon
  5555 | D:5      | Noticed Blork the orc
  5557 | D:5      | Noticed Duvessa
  5570 | D:5      | Noticed Dowan
  5581 | D:5      | Mangled by Duvessa

Skill      XL: |  1  2  3  4  5  6  7 |
---------------+----------------------+-----
Armour         | 1 2 |  2.4
Polearms       | 4 5 |  5.5
Dodging        | 2 3 4 |  4.8
Hexes          | 1 |  1.6
Fighting       | 3 |  3.4
Stealth        | 1 |  1.3
Charms         | 4 |  4.1
Throwing       | |  0.2
Spellcasting   | |  2.9
Translocations | |  0.8

Action                   |  1- 3 |  4- 6 |  7- 9 || total
-------------------------+-------+-------+-------++-------
Melee: Spear             |   164 |   326 |    39 ||   529
Throw: Javelin           |       |     2 |     2 ||     4
 Cast: Spectral Weapon   |     2 |    10 |     5 ||    17
       Infusion          |       |     3 |       ||     3
       Shroud of Golubri |       |     1 |     3 ||     4
Evoke: Wand              |       |       |     5 ||     5
  Use: Scroll            |     1 |       |     2 ||     3
       Potion            |       |     6 |     1 ||     7
 Stab: Sleeping          |       |     1 |       ||     1
       Distracted        |       |     1 |       ||     1
       Confused          |       |       |     1 ||     1
  Eat: Chunk             |     3 |    13 |     3 ||    19
Armor: Leather armour    |    36 |    72 |     6 ||   114
Dodge: Dodged            |    64 |   149 |    21 ||   234
